 Dungeon Sprint DCSS version 0.23.2-33-g5129a83184 (webtiles) character file.

Game seed: 15947027945494656102

14200000 OrcJesus the Intangible (level 27, -9/298 HPs)
             Began as a Deep Dwarf Monk on Aug 7, 2019.
             Was the Champion of Makhleb.
             Mangled by a small abomination (12 damage)
             ... created by a sculptor of flesh
             ... in the Dungeon (Sprint VIII: "Arena of Blood").
             The game lasted 00:12:04 (142 turns).

OrcJesus the Intangible (Deep Dwarf Monk)            Turns: 142, Time: 00:12:05

Health: -9/298     AC:  4    Str: 18    XL:     27
Magic:  51/54      EV: 37    Int: 12    God:    Makhleb [******]
Gold:   0          SH:  0    Dex: 24    Spells: 80/80 levels left

rFire    . . .     SeeInvis +   i - +∞ Axe of Woe
rCold    . . .     Gourm    .   (shield currently unavailable)
rNeg     + . .     Faith    .   a - +0 robe
rPois    .         Spirit   .   (no helmet)
rElec    .         Reflect  .   (no cloak)
rCorr    .         Harm     .   (no gloves)
MR       ++++.     NoTele   +   (no boots)
Stlth    +++++++++.             (no amulet)
HPRegen  0.00/turn              j - ring of see invisible
MPRegen  0.34/turn              k - +200 ring of slaying

@: lethally poisoned (-9 -> -19), non-regenerating
A: damage resistance, heal wounds, negative energy resistance 1, sense
surroundings 3, no regeneration
a: Heal Wounds, Minor Destruction, Lesser Servant of Makhleb, Major Destruction,
Greater Servant of Makhleb, Renounce Religion


You were in the Dungeon.
You worshipped Makhleb.
Makhleb was exalted by your worship.
You were not hungry.

You visited 1 branch

Inventory:

Hand Weapons
 i - the +∞ Axe of Woe (weapon)
   (You found it in the Dungeon)
Armour
 a - a +0 robe (worn)
Jewellery
 j - a ring of see invisible (left hand)
 k - a +200 ring of slaying (right hand)
Scrolls
 h - a scroll of blinking
Potions
 c - a potion of curing
 d - a potion of heal wounds
 e - a potion of haste
 f - 2 potions of magic
 g - a potion of berserk rage
Comestibles
 b - a ration


   Skills:
 O Level 27 Fighting
 O Level 27 Axes
 O Level 27 Throwing
 O Level 27 Armour
 O Level 27 Dodging
 O Level 27 Stealth
 O Level 27 Unarmed Combat
 O Level 27 Spellcasting
 O Level 27 Invocations


You had 80 spell levels left.
You didn't know any spells.
Your spell library was empty.

Dungeon Overview and Level Annotations

Branches:
Dungeon (1/1)

Altars:
Makhleb


Innate Abilities, Weirdness & Mutations

You are resistant to damage.
You can heal yourself by infusing magical energy.
You resist negative energy. (rN+)
You passively map a large area around you.
You do not regenerate.


Message History

Unknown command.
Unknown command.
Unknown command.
Unknown command.
Unknown command. 3 orcs come into view.
You feel sick.
You hear a shout! x4
A bag of meat comes into view. It is wielding a +9 war axe.
The observer is engulfed in blazing flames.
The observer gazes at you. Something smites you!
* * * LOW HITPOINT WARNING * * *
A bag of meat comes into view. It is wielding a +9 war axe.
The accursed is engulfed in blazing flames.
The accursed hits you!!
* * * LOW HITPOINT WARNING * * *
You hear a shout!
The small abomination hits you!
You die...

. ,
.........)...#
., ,
......#...xxx#
..........).#
, , ,
.....##..)).#
##.
,.......x...#
..., ,
..###.....#
... , ,
.......)2# ...
,,*,
......zx.# . .
,,......M@=# ,
, * #...2.G§)#
. , ,
,....2.x§§#
...,
.#..#.o..#
##.,
ooO#Oo...# ,
,, oD.V#...§#
, , .Wo#Go...#
,, , oo.o....#
, , , ,, *


You could see an accursed, 2 meat beasts, a reaper, an eight-headed meat hydra,
a destroyer, 2 observers, a sculptor of flesh, 2 meat berserkers, a small
abomination, 10 bags of meat and 5 crawling corpses.

Vanquished Creatures
  4 hell knights (D)
  6 hell beasts (D)
  6 greater mummies (D)
  2 great orbs of eyes (D)
  A wraith (D)
  18 vampire knights (D)
  28 ogres (D)
  6 two-headed ogres (D)
  3 liches (D)
  5 hydras (D)
  65 orcs (D)
  3 phantoms (D)
  3 skeletal warriors (D)
  6 sea snakes (D)
  A large abomination (D)
  4 small abominations (D)
  8 crawling corpses (D)
169 creatures vanquished.

Vanquished Creatures (others)
  An orc (D)
1 creature vanquished.

Grand Total: 170 creatures vanquished

Notes
Turn   | Place    | Note
-------+----------+-------------------------------------------
     0 | D        | Found the +∞ Axe of Woe
     0 | D        | OrcJesus the Deep Dwarf Monk began the quest for the Orb.
     0 | D        | Reached XP level 1. HP: 20/20 MP: 1/1
     4 | D        | Became a worshipper of Makhleb the Destroyer
     4 | D        | Reached * piety under Makhleb
     4 | D        | Reached ** piety under Makhleb
     5 | D        | Noticed a meat berserker
     5 | D        | Noticed a meat berserker
     6 | D        | Noticed a bag of meat
     6 | D        | Noticed a bag of meat
     6 | D        | Noticed a meat berserker
     6 | D        | Noticed a bag of meat
     7 | D        | Noticed a bag of meat
     9 | D        | Killed a meat berserker
     9 | D        | Reached XP level 2. HP: 27/27 MP: 2/2
     9 | D        | Reached XP level 3. HP: 33/33 MP: 3/3
     9 | D        | Reached XP level 4. HP: 40/40 MP: 4/4
     9 | D        | Reached XP level 5. HP: 46/46 MP: 5/5
     9 | D        | Reached XP level 6. HP: 55/55 MP: 6/6
     9 | D        | Reached XP level 7. HP: 61/61 MP: 7/7
     9 | D        | Reached XP level 8. HP: 68/68 MP: 8/8
     9 | D        | Gained mutation: You passively map the area around you.
                  | [Deep Dwarf growth]
     9 | D        | Reached XP level 9. HP: 74/74 MP: 9/9
     9 | D        | Reached XP level 10. HP: 81/81 MP: 10/10
     9 | D        | Reached XP level 11. HP: 88/88 MP: 11/11
     9 | D        | Reached XP level 12. HP: 96/96 MP: 12/12
     9 | D        | Reached XP level 13. HP: 102/102 MP: 13/13
     9 | D        | Noticed a bag of meat
    10 | D        | Killed a meat berserker
    10 | D        | Gained mutation: You resist negative energy. (rN+) [Deep
                  | Dwarf growth]
    10 | D        | Reached XP level 14. HP: 138/138 MP: 14/14
    10 | D        | Killed a meat berserker
    10 | D        | Reached skill level 27 in Axes
    10 | D        | Reached skill level 27 in Dodging
    10 | D        | Reached XP level 15. HP: 166/166 MP: 15/15
    11 | D        | Reached *** piety under Makhleb
    13 | D        | Noticed a meat berserker
    14 | D        | Noticed a meat berserker
    15 | D        | Noticed a large bag of meat
    15 | D        | Noticed a meat berserker
    16 | D        | Noticed a meat berserker
    17 | D        | Killed a meat berserker
    17 | D        | Reached XP level 16. HP: 197/199 MP: 16/16
    17 | D        | Killed a meat berserker
    17 | D        | Reached skill level 27 in Fighting
    17 | D        | Reached skill level 15 in Armour
    17 | D        | Reached **** piety under Makhleb
    17 | D        | Reached XP level 17. HP: 208/208 MP: 17/17
    19 | D        | Killed a meat berserker
    19 | D        | Reached ***** piety under Makhleb
    19 | D        | Reached skill level 27 in Armour
    19 | D        | Reached skill level 27 in Stealth
    19 | D        | Gained mutation: You passively map a large area around you.
                  | [Deep Dwarf growth]
    19 | D        | Reached XP level 18. HP: 218/218 MP: 17/22
    19 | D        | Reached skill level 10 in Invocations
    19 | D        | Reached skill level 10 in Throwing
    19 | D        | Reached skill level 10 in Unarmed Combat
    19 | D        | Reached XP level 19. HP: 226/226 MP: 17/35
    19 | D        | Reached skill level 15 in Unarmed Combat
    19 | D        | Noticed a meat berserker
    20 | D        | Killed a large bag of meat
    20 | D        | Reached skill level 15 in Spellcasting
    20 | D        | Reached ****** piety under Makhleb
    20 | D        | Reached XP level 20. HP: 236/236 MP: 17/42
    21 | D        | Noticed a meat berserker
    22 | D        | Noticed a large bag of meat
    22 | D        | Killed a large bag of meat
    22 | D        | Reached skill level 27 in Invocations
    22 | D        | Reached XP level 21. HP: 244/244 MP: 17/47
    24 | D        | Noticed a large bag of meat
    25 | D        | Reached skill level 27 in Throwing
    25 | D        | Reached skill level 27 in Unarmed Combat
    25 | D        | Reached skill level 27 in Spellcasting
    25 | D        | Reached XP level 22. HP: 226/254 MP: 18/53
    26 | D        | Noticed a destroyer
    30 | D        | Killed a destroyer
    30 | D        | Reached XP level 23. HP: 262/262 MP: 19/54
    31 | D        | Noticed a destroyer
    31 | D        | Noticed a destroyer
    33 | D        | Noticed a destroyer
    36 | D        | Killed a destroyer
    36 | D        | Reached XP level 24. HP: 272/272 MP: 21/54
    37 | D        | Noticed a destroyer
    37 | D        | Noticed a destroyer
    38 | D        | Killed a destroyer
    38 | D        | Killed a destroyer
    38 | D        | Reached XP level 25. HP: 280/280 MP: 22/54
    38 | D        | Noticed a destroyer
    42 | D        | Killed a destroyer
    44 | D        | Killed a destroyer
    44 | D        | Reached XP level 26. HP: 290/290 MP: 23/54
    44 | D        | Noticed a destroyer
    44 | D        | Noticed a destroyer
    47 | D        | Killed a destroyer
    47 | D        | Killed a destroyer
    47 | D        | Noticed a destroyer
    50 | D        | Noticed a destroyer
    54 | D        | Killed a destroyer
    54 | D        | Reached XP level 27. HP: 298/298 MP: 26/54
    56 | D        | Killed a destroyer
    57 | D        | Noticed a tyrant
    59 | D        | Noticed a meat beast
    60 | D        | Killed a large bag of meat
    63 | D        | Killed a destroyer
    63 | D        | Noticed a destroyer
    64 | D        | Killed a meat beast
    67 | D        | Killed a tyrant
    72 | D        | Noticed a meat beast
    72 | D        | Noticed a dread
    74 | D        | Killed a destroyer
    76 | D        | Killed a meat beast
    76 | D        | Noticed an accursed
    77 | D        | Noticed a meat beast
    79 | D        | Noticed a destroyer
    80 | D        | Noticed a destroyer
    82 | D        | Noticed a destroyer
    82 | D        | Noticed a large bag of meat
    84 | D        | Noticed an accursed
    84 | D        | Noticed a destroyer
    85 | D        | Killed a destroyer
    86 | D        | Killed a destroyer
    86 | D        | Killed a destroyer
    87 | D        | Noticed a destroyer
    88 | D        | Noticed an accursed
    89 | D        | Noticed a meat beast
    89 | D        | Killed a destroyer
    92 | D        | Killed an accursed
    93 | D        | Killed a meat beast
    93 | D        | Killed a meat beast
    93 | D        | Killed a destroyer
    96 | D        | Noticed a tyrant
    96 | D        | Killed a large bag of meat
    97 | D        | Noticed an accursed
   100 | D        | Noticed an accursed
   100 | D        | HP: 11/298 [accursed/divine providence (7)]
   102 | D        | HP: 4/298 [accursed/divine providence (16)]
   102 | D        | Noticed an accursed
   105 | D        | Killed an accursed
   105 | D        | Noticed a meat beast
   106 | D        | Killed a dread
   106 | D        | Noticed a tyrant
   108 | D        | Noticed an accursed
   110 | D        | Killed a meat beast
   112 | D        | HP: 12/298 [??? (3)]
   113 | D        | Killed an accursed
   113 | D        | Killed a tyrant
   116 | D        | Killed an accursed
   119 | D        | Killed an accursed
   120 | D        | Noticed a fleshlord
   121 | D        | Killed a tyrant
   122 | D        | Killed an accursed
   124 | D        | Noticed an accursed
   124 | D        | Noticed a fleshlord
   127 | D        | Noticed a fleshlord
   129 | D        | Noticed a large bag of meat
   129 | D        | Noticed a large bag of meat
   130 | D        | Noticed a fleshlord
   131 | D        | Noticed a meat beast
   133 | D        | Killed a fleshlord
   133 | D        | Noticed a meat beast
   134 | D        | Killed a fleshlord
   134 | D        | Noticed a destroyer
   137 | D        | Noticed a destroyer
   137 | D        | Killed a meat beast
   137 | D        | Killed a large bag of meat
   138 | D        | Killed a fleshlord
   140 | D        | Killed a fleshlord
   140 | D        | Killed a destroyer
   140 | D        | Noticed a meat beast
   141 | D        | Killed a large bag of meat
   141 | D        | Noticed a meat beast
   142 | D        | HP: 3/298 [accursed (22)]
   142 | D        | Mangled by a small abomination

Skill      XL: |  1  2  3  4  5  6  7  8  9 10 11 12 13 14 15 16 17 18 19 20 21 |
---------------+----------------------------------------------------------------+-----
Axes           | 23 26 27 | 27.0
Dodging        | 23 26 27 | 27.0
Fighting       | 12 19 26 27 | 27.0
Armour         | 18 27 | 27.0
Stealth        | 21 27 | 27.0
Throwing       | 3 13 19 24 27 | 27.0
Unarmed Combat | 4 13 19 24 27 | 27.0
Spellcasting   | 2 12 18 22 27 | 27.0
Invocations    | 4 18 26 27 | 27.0

Action                   |  1- 3 |  4- 6 |  7- 9 | 10-12 | 13-15 | 16-18 | 19-21 | 22-24 | 25-27 || total
-------------------------+-------+-------+-------+-------+-------+-------+-------+-------+-------++-------
Melee: Executioner's axe |     1 |       |       |       |     3 |     1 |     4 |     5 |    63 ||    77
Invok: Major Destruction |       |       |       |       |       |       |       |       |     1 ||     1
Armor: Robe              |       |       |       |       |       |       |       |       |     1 ||     1
Dodge: Dodged            |       |       |       |       |     1 |       |       |     4 |    28 ||    33
